AoeStats
← jeff0511

Black Forest

508907585Analyzed
4v4 RM · 8d ago on Sep 24, 2026· 55m 2s· 8 players
Game mode
Random Map
Map size
Large (8 player)
Population
200
Speed
Normal
Resources
Standard
Victory
Conquest
Starting age
Dark Age
Ending age
Imperial Age
RankedLock teamsTeams togetherTeam positionsShared explorationLock speedFull tech treeHidden civsTurbo modeCheats
Victory
Defeat
🇨🇭 Mongols · Switzerland
1131
+15
🇨🇳 Mapuche · China
1116
+16
🇨🇳 Ethiopians · China
1110
+16
🇬🇧 Burgundians · United Kingdom
1082
+17
🇹🇼 Goths · Taiwan
1127
-17
🇻🇳 Romans · Vietnam
1103
-16
🇹🇼 Khmer · Taiwan
1100
-16
🇹🇼 Sicilians · Taiwan
1090
-15
satc1014
9:33 Feudal Age
10:07 Loom
13:20 Castle Age
24:49 Double-Bit Axe
24:57 Horse Collar
30:15 Wheelbarrow
29:51 Bow Saw
29:43 Heavy Plow
31:11 Squires
30:34 Man-at-Arms
31:38 Gold Mining
31:21 Long Swordsman
33:00 Scale Mail Armor
33:11 Forging
36:45 Iron Casting
36:26 Chain Mail Armor
36:13 Stone Mining
38:11 Ballistics
38:17 Ballistas
41:47 Imperial Age
40:23 Hand Cart
40:01 Town Watch
43:49 Blast Furnace
43:13 Conscription
43:14 Legionary
46:42 Heavy Scorpion
kenghsien77
11:07 Feudal Age
14:13 Castle Age
20:33 Bloodlines
25:47 Scale Barding Armor
26:58 Forging
28:42 Iron Casting
30:48 Wheelbarrow
31:43 Chain Barding Armor
39:08 Imperial Age
40:06 Caravan
41:44 Double Crossbow
45:51 Siege Engineers
46:35 Conscription
48:13 Chemistry
48:55 Ballistics
48:13 Light Cavalry
48:55 Husbandry
jeff0511
0:33 Loom
13:15 Feudal Age
18:40 Castle Age
16:28 Double-Bit Axe
16:29 Horse Collar
26:17 Fletching
28:12 Town Watch
29:38 Stone Mining
29:42 Gold Mining
31:05 Bow Saw
31:08 Heavy Plow
31:16 Pikeman
32:16 Bodkin Arrow
34:19 Wheelbarrow
35:03 Ballistics
34:56 Masonry
39:36 Imperial Age
40:31 Elite Skirmisher
40:31 Crossbowman
42:59 Conscription
678
0:46 Loom
11:30 Feudal Age
16:23 Castle Age
15:25 Double-Bit Axe
15:24 Horse Collar
25:06 Wheelbarrow
24:17 Town Watch
30:56 Imperial Age
29:40 Anarchy
29:49 Heavy Plow
31:42 Hand Cart
31:28 Town Patrol
32:43 Chemistry
32:35 Conscription
32:35 Forging
32:26 Scale Mail Armor
33:14 Squires
33:30 Gold Mining
33:53 Bow Saw
34:30 Crop Rotation
34:28 Perfusion
35:09 Pikeman
37:57 Elite Huskarl
39:23 Chain Mail Armor
45:48 Halberdier
47:09 Iron Casting
47:44 Two-Man Saw
49:14 Man-at-Arms
49:44 Long Swordsman
frickman
1:41 Loom
12:02 Feudal Age
12:20 Man-at-Arms
13:07 Double-Bit Axe
28:32 Castle Age
28:01 Stone Mining
28:38 Fletching
28:49 Padded Archer Armor
29:48 Bodkin Arrow
32:17 Leather Archer Armor
35:47 Horse Collar
36:15 Gold Mining
41:25 Imperial Age
39:35 Wheelbarrow
40:02 Gold Shaft Mining
39:44 Bow Saw
40:51 Hand Cart
41:48 Onager
43:12 Bracer
45:56 Chemistry
45:22 Heavy Plow
46:16 Siege Onager
47:12 Siege Engineers
54:13 Heavy Camel Rider
帝国浪子
2:38 Loom
11:30 Feudal Age
17:44 Castle Age
15:43 Double-Bit Axe
16:22 Horse Collar
17:25 Stone Mining
25:09 Wheelbarrow
26:14 Bow Saw
26:09 Heavy Plow
26:04 Gold Mining
27:46 Gold Shaft Mining
28:24 Hand Cart
33:01 Imperial Age
31:13 Town Watch
31:23 Fletching
31:33 Padded Archer Armor
32:19 Bodkin Arrow
33:33 Leather Archer Armor
32:43 Elite Skirmisher
33:29 Malon
34:07 Conscription
33:30 Treadmill Crane
35:08 Ring Archer Armor
34:22 Elite Bolas Rider
36:08 Chemistry
35:29 Ballistics
36:07 Forging
36:50 Butalmapu
38:11 Hoardings
38:47 Crop Rotation
41:42 Iron Casting
41:57 Elite Kona
44:32 Blast Furnace
44:19 Capped Ram
45:49 Champi Runner
46:15 Arson
47:35 Siege Engineers
47:54 Bombard Tower
47:32 Murder Holes
47:44 Siege Engineers
47:53 Onager
48:53 Champi Warrior
50:33 Scale Mail Armor
53:35 Chain Mail Armor
w
11:05 Feudal Age
15:07 Castle Age
13:20 Double-Bit Axe
13:17 Horse Collar
19:25 Bow Saw
19:25 Loom
21:13 Heavy Plow
21:33 Gold Mining
23:44 Wheelbarrow
23:54 Stone Mining
31:06 Imperial Age
29:29 Hand Cart
29:24 Fletching
29:34 Padded Archer Armor
30:37 Gold Shaft Mining
30:38 Stone Shaft Mining
30:52 Bodkin Arrow
31:21 Ballistics
31:12 Fortified Wall
32:59 Chemistry
33:11 Two-Man Saw
32:13 Bracer
32:28 Forging
32:24 Scale Barding Armor
33:32 Conscription
33:43 Leather Archer Armor
33:44 Siege Engineers
33:36 Murder Holes
33:52 Masonry
33:26 Halberdier
35:49 Heavy Scorpion
36:38 Scale Mail Armor
38:07 Torsion Engines
38:16 Squires
39:39 Iron Casting
39:19 Chain Mail Armor
39:25 Chain Mail Armor
39:59 Architecture
39:40 Fortified Wall
39:22 Town Watch
39:51 Royal Heirs
39:25 Capped Ram
43:41 Blast Furnace
43:11 Plate Mail Armor
43:07 Chain Barding Armor
43:23 Plate Mail Armor
43:14 Chain Barding Armor
43:06 Siege Ram
45:55 Caravan
46:25 Coinage
46:06 Guilds
46:05 Onager
47:56 Siege Onager
51:19 Ring Archer Armor
GoblinMasterUK
4:50 Double-Bit Axe
10:27 Wheelbarrow
13:04 Feudal Age
13:08 Horse Collar
14:57 Bow Saw
18:50 Castle Age
17:47 Scale Barding Armor
17:54 Forging
21:43 Cavalier
23:12 Chain Barding Armor
23:23 Gold Mining
25:57 Loom
36:45 Husbandry
38:01 Hand Cart
38:43 Gold Shaft Mining
41:50 Imperial Age
42:11 Iron Casting
41:00 Light Cavalry
43:31 Fletching
43:17 Hussar
44:44 Plate Barding Armor
45:02 Paladin
47:45 Blast Furnace
46:40 Paladin
47:52 Heavy Plow
54:07 Stone Mining
55:17 Conscription
Connection lost

Rejoining the realm…

Still unreachable

The connection could not be restored.

Session expired

The server has moved on; the page needs a fresh start.